 Dungeon Crawl Stone Soup version 0.17.1-1-g73c8601 (webtiles) character file.

259 Goblin1989 the Insei (level 6, -6/32 HPs)
             Began as a Vine Stalker Monk on Dec 29, 2015.
             Was a Believer of the Shining One.
             Killed by divine providence
             ... invoked by an orc priest
              (13 damage)
             ... on level 4 of the Dungeon.
             The game lasted 00:06:38 (2048 turns).

Goblin1989 the Insei (Vine Stalker Monk)            Turns: 2048, Time: 00:06:38

Health: -6/32      AC: 12    Str: 16    XL:     6   Next: 17%
Magic:  0/7        EV:  7    Int: 10    God:    the Shining One [**....]
Gold:   149        SH:  0    Dex: 16    Spells: 0 memorised, 5 levels left

rFire  . . .     SeeInvis .       - Unarmed
rCold  . . .     Clarity  .     c - +0 chain mail
rNeg   + . .     SustAt   .     (no shield)
rPois  .         Gourm    .     (no helmet)
rElec  .         Spirit   +     d - +2 cloak
rCorr  .         Warding  .     o - +0 pair of gloves
rMut   .         Stasis   .     (no boots)
MR     .....                    (no amulet)
Stlth  ..........               (no ring)
                                (no ring)

@: glowing, not resistant to hostile enchantments, extremely unstealthy
A: fangs 2, regeneration 2, magic shield, antimagic bite, no device heal 3, rot
immunity
a: Divine Shield, Renounce Religion


You were on level 4 of the Dungeon.
You worshipped the Shining One.
The Shining One was pleased with you.
You were not hungry.

You visited 1 branch of the dungeon, and saw 4 of its levels.

You collected 149 gold pieces.

Inventory:

Armour
 c - a +0 chain mail (worn)
 d - a +2 cloak (worn)
 o - a +0 pair of gloves (worn)
Jewellery
 a - an uncursed ring of flight {unknown}
Wands
 p - a wand of cold (4)
Scrolls
 b - a scroll of remove curse {unknown}
 h - a scroll of noise {unknown}
 i - a scroll of fog {unknown}
 k - a scroll of teleportation {unknown}
 l - a scroll of recharging {unknown}
 n - a scroll of identify {unknown}
Potions
 e - a potion of might {unknown}
 f - a potion of curing {unknown}
 g - a potion of magic {unknown}
 j - a potion of poison {unknown}
 q - a potion of flight {unknown}
Comestibles
 m - a beef jerky
 r - a bread ration


   Skills:
 - Level 2.6 Fighting
   Level 2.9 Short Blades
 - Level 2.4 Dodging
 - Level 2.4 Stealth
 + Level 6.3 Unarmed Combat


You had 5 spell levels left.
You didn't know any spells.

Dungeon Overview and Level Annotations

Branches:
Dungeon (4/15)
 Temple: D:4-7

Altars:
Gozag
Makhleb
The Shining One


Innate Abilities, Weirdness & Mutations

You have extremely sharp teeth.
You heal very quickly.
When hurt, damage is shared between your health and your magic reserves.
Your bite disrupts and absorbs the magic of your enemies.
Potions and wands cannot restore your health.
You are immune to rotting.


Message History

Something smites you!
You hit the orc priest but do no damage.
The orc priest is moderately wounded.
The hound bites you but does no damage. The worker ant bites you.
The orc priest invokes the aid of Beogh against you.
Pain shoots through your body! The hound bites you but does no damage.
You hit the orc priest. You bite the orc priest. You drain its power.
You feel invigorated.
The orc priest is heavily wounded.
The worker ant barely misses you.
The orc wizard hits you but does no damage.
The hound bites you but does no damage. The orc priest hits you with a trident.
* * * LOW HITPOINT WARNING * * *
You are too injured to fight recklessly!
You are too injured to fight recklessly!
The orc wizard casts a spell.
The orc wizard blinks!
The orc priest mumbles some strange prayers to Beogh against you.
Something smites you!
You die...

#.#. #.# #... #.## ##...
#.)# #.... ##.## ####
##....## #..###..#
#......# ###.......#
#...ooo# ##...#.....#
#....oh## ##...##.....#
.....>.a@####....###....#
.................###....#
...##.............##..###
.. ##....o.......#..## .
##.............##
#............##
##...........#
##.........## #........##


You could see a hound, a worker ant, an orc priest, an orc wizard and 3 orcs.

Vanquished Creatures
  2 orc priests (D:3)
  Natasha (twice) (D:2)
  2 orc wizards (D:3)
  2 adders (D:2)
  3 worms
  2 giant geckos
  14 orcs (D:3)
  2 ball pythons
  5 giant cockroaches
  6 hobgoblins
  3 jackals (D:1)
  2 quokkas
  7 bats
  5 giant newts
  8 goblins
  9 kobolds
  12 rats
86 creatures vanquished.

Notes
Turn   | Place    | Note
--------------------------------------------------------------
     0 | D:1      | Goblin1989 the Vine Stalker Monk began the quest for the Orb.
     0 | D:1      | Reached XP level 1. HP: 11/11 MP: 2/2
   152 | D:1      | Reached XP level 2. HP: 16/16 MP: 3/3
   372 | D:1      | Reached XP level 3. HP: 19/19 MP: 4/4
   814 | D:2      | Reached skill level 1 in Short Blades
   873 | D:2      | Reached XP level 4. HP: 20/23 MP: 5/5
   917 | D:2      | Noticed Natasha
   925 | D:2      | Killed Natasha
   987 | D:2      | Noticed Natasha
  1000 | D:2      | Killed Natasha
  1255 | D:3      | Found a glowing golden altar of the Shining One.
  1264 | D:3      | Became a worshipper of the Shining One
  1264 | D:3      | Reached * piety under the Shining One
  1264 | D:3      | Reached ** piety under the Shining One
  1319 | D:3      | Reached skill level 5 in Unarmed Combat
  1321 | D:3      | Found an opulent altar of Gozag.
  1373 | D:3      | Reached XP level 5. HP: 27/27 MP: 6/6
  1619 | D:3      | Found a burning altar of Makhleb.
  1932 | D:3      | Reached skill level 6 in Unarmed Combat
  1932 | D:3      | Gained mutation: You heal very quickly. [Vine Stalker growth]
  1932 | D:3      | Reached XP level 6. HP: 11/32 MP: 3/7
  2048 | D:4      | Killed from afar by an orc priest

Action                   |  1- 3 |  4- 6 || total
-------------------------+-------+-------++-------
Melee: Unarmed           |   108 |   146 ||   254
  Eat: Chunk             |       |     3 ||     3
       Bread ration      |       |     1 ||     1
